cohdb
Replays
Latest Replays
All Replays
Popular Replays
Top Player Replays
Match Explorer
How It Works
Community
CoH3 Stats
Reddit
Sign in to upload your games and track your stats! →
Sign in with Steam
Match 47014866
Unlisted
Match 47014866
Overview
Messages
Build Orders
End
Royal Engineer Section
Construct Section Command Post
Selects Heavy Armor Battlegroup
Infantry Section
Infantry Section
Construct Field Infirmary
Infantry Section
Construct Platoon Command Post
Vickers Machine Gun Team
Construct Company Command Post
Foot Guards Section
Crusader II Medium Tank
Zappa
HuWooD
Nukepapa
TLA-Wesker
0
0
Comments
sign in to comment!
No comments posted yet!